← All builds
Front / Armada / Economy first / OBSERVED BUILD

Standard front

Armada Front build order · Supreme Isthmus

Standard economy-first Front play: Bot Lab and Vehicle Plant up immediately, units trickle to the coast and middle, with an Advanced Metal Extractor around 9:00 as the eco transition.

#eco · 1700 distinct matches · 248 players · 74% of Armada Front games · team won 61% of 1994 · Recently observed

HOW TO PLAY IT

Key timing: T2 constructor by 7:43

  1. Open mex and wind, drop Bot Lab and Vehicle Plant almost immediately.
  2. Pump Blitz, Rocketeer and Pawn to the coast to stop leaks first.
  3. Add Centurion and Janus once first units are moving up.
  4. Form units into a line pushing toward middle as numbers grow.
  5. Upgrade to Advanced Metal Extractor as the economy transition kicks in.

Phase by phase

TYPICAL OF ITS 1700 GAMES
  1. 1
  2. 2
  3. 3
PLAY THE OPENING

Follow the example game's first 6:00 step by step: what to build now, what comes next, and where it goes. At 1× it keeps pace with your own game.

  1. 1

    Up to the Bot Lab

    Economy
    • Metal Extractor2Mex
    Order
    1. Bot LabBot Lab after 2 mex, 1 winddone ~0:44, middle half 0:33–0:56

    Some games also: wind (48%) · Vehicle Plant (35%)

    By 0:28 in all: 2 mex

    The example game in this phase · 2 steps
    1. Mex ×2
    2. Bot LabBot Labdone 0:33 · typical 0:44
  2. 2

    Bot Lab to 5:00

    Economy
    • Metal Extractor4Mex
    • Wind Turbine3Wind
    Builders
    • Construction Bot1 Con bot
    Army
    • Sentry1 Sentry
    • Rocketeer6 Rocketeer

    Some games also: Lazarus (49%) · tick (46%) · centurion (40%) · con vehicle (32%) · janus (32%)

    By 5:00 in all: 6 mex · 6 wind

    The example game in this phase · 26 steps
    1. PawnPawn ×2
    2. LazarusLazarus
    3. Wind
    4. LazarusLazarus
    5. Wind
    6. Construction BotCon bot ×2
    7. Mex
    8. PawnPawn ×2
    9. RocketeerRocketeer
    10. Mex
    11. RocketeerRocketeer
    12. CenturionCenturion ×2
    13. Mex
    14. RocketeerRocketeer
    15. Mex
    16. RocketeerRocketeer ×3
    17. SentrySentry
    18. RocketeerRocketeer ×2
    19. Wind
    20. RocketeerRocketeer
    21. BeholderBeholder
    22. Wind
    23. SentrySentry
    24. RocketeerRocketeer ×9
    25. SentrySentry
    26. LazarusLazarus
  3. 3

    5:00 to 10:00

    Economy
    • Metal Extractor1Mex
    • Wind Turbine14Wind
    Builders
    • Construction Turret2 Con turret
    Army
    • Sentry1 Sentry

    Some games also: rocketeer (45%) · energy storage (43%) · Lazarus (38%) · con bot (37%) · Radar Tower (36%)

    By 10:00 in all: 7 mex · 24 wind · 1 energy storage · 3 con turret

    The example game in this phase · 104 steps
    1. LazarusLazarus
    2. Mex
    3. RocketeerRocketeer ×6
    4. GruntGrunt
    5. RocketeerRocketeer ×2
    6. GuardGuard
    7. PawnPawn ×7
    8. Mex
    9. PawnPawn ×2
    10. SentrySentry
    11. PawnPawn
    12. Wind
    13. PawnPawn
    14. Mex
    15. Wind
    16. PawnPawn
    17. SentrySentry
    18. Wind
    19. PawnPawn ×5
    20. SentrySentry
    21. PawnPawn ×2
    22. NettleNettle
    23. PawnPawn
    24. Radar TowerRadar Tower
    25. PawnPawn ×5
    26. Advanced Metal ExtractorT2 mexdone 10:24 · typical 9:00
    27. SentrySentry
    28. PawnPawn
    29. Wind
    30. PawnPawn
    31. Wind
    32. PawnPawn
    33. NettleNettle
    34. SentrySentry
    35. Wind
    36. PawnPawn
    37. Con turret
    38. SentrySentry
    39. PawnPawn ×2
    40. Radar TowerRadar Tower
    41. NettleNettle
    42. Advanced Metal ExtractorT2 mex
    43. SentrySentry
    44. PawnPawn
    45. SentrySentry
    46. Wind
    47. PawnPawn
    48. Wind ×2
    49. PawnPawn
    50. Wind
    51. PawnPawn
    52. Wind ×3
    53. PawnPawn
    54. Advanced Metal ExtractorT2 mex
    55. Wind
    56. Energy storage
    57. Construction BotCon bot ×2
    58. Con turret
    59. PawnPawn
    60. Con turret
    61. Wind
    62. PawnPawn
    63. Wind
    64. PawnPawn
    65. Con turret
    66. PawnPawn
    67. Wind
    68. PawnPawn
    69. Wind ×2
    70. PawnPawn
    71. Wind
    72. PawnPawn
    73. Wind
    74. Advanced Metal ExtractorT2 mex
    75. PawnPawn ×2
    76. Wind ×2
    77. PawnPawn ×2
    78. Wind ×2
    79. PawnPawn
    80. Wind
    81. PawnPawn
    82. Construction BotCon bot
    83. Wind ×2
    84. PawnPawn ×2
    85. Wind ×2
    86. Metal storage
    87. PawnPawn ×2
    88. Wind
    89. PawnPawn
    90. Bot LabEat Bot Labreclaimed for its metal
    91. Vehicle PlantVehicle Plant ×2done 14:13 · typical 0:47
    92. Wind
    93. Advanced Metal ExtractorT2 mex
    94. BlitzBlitz ×4
    95. Wind
    96. BlitzBlitz ×2
    97. Wind
    98. BlitzBlitz ×3
    99. Con turret
    100. BlitzBlitz ×3
    101. Wind
    102. BlitzBlitz ×2
    103. Wind
    104. BlitzBlitz ×5

Counts are medians over the build's games: half of them build more, half fewer. The example game is gy0h6y's (33 OS, 12/10/2026); pick another.

Team trades

IN AT LEAST 30% OF ITS GAMES

You hand over

Nothing regular.

You get

  • Tidal Generator4 Tidal from Pondfirst at 0:17 · in 68% of games
  • Advanced Construction Bot1 T2 con bot from Geo or Techfirst at 7:24 · in 64% of games

How it plays out

Typical game of this build, running totals by minute

Metal produced

010k20k30k
0:005:0010:0015:00

metal

Enemy metal destroyed

05k10k
0:005:0010:0015:00

metal

Own metal lost

05k10k
0:005:0010:0015:00

metal

1994 games.

Show as table
ByMetal produced: This buildEnemy metal destroyed: This buildOwn metal lost: This build
1:0033300
2:008402131
3:001618135108
4:002700522333
5:0038471128787
6:00503519281428
7:00625027202303
8:00753535463173
9:00897343304071
10:001054250114810
11:001237555405548
12:001452859986409
13:001685964707001
14:001921771867827
15:002184978708694
WHAT THE NUMBERS SAY

Standard Front play wins more often than Suicide front and produces more metal by 15:00 while losing less of it.

  • + Metal produced reaches 22627 by 15:00, well above Suicide front's 20142.
  • + Own metal lost is 8944 by 15:00, lower than enemy metal destroyed ratio of Suicide front.
  • − First unit lost already at 1:43, showing exposure despite the safer position.
  • − Blitz dominates army share at 25%, leaving fewer Centurion for anti-swarm.
THE EXAMPLE YOU ARE READING

gy0h6y

32.7 OS · 12/10/2026

Open source match ↗

6 received units · includes a constructor
8 metal received · 29335 energy received

Allied construction assistance is unknown. Timings are observations, not a promise of solo reproducibility.

Typical milestones

Bot Lab0:44Middle 50%: 0:33–0:56 · n=1332
Vehicle Plant0:47Middle 50%: 0:41–1:13 · n=1286
Advanced Metal Extractor9:00Middle 50%: 8:09–10:15 · n=1564

Played most by

haaven107games of this buildHummell107games of this buildLeohvm93games of this buildTheGeneraI75games of this buildXad69games of this build
Standard front · Armada Front build order · BAR Build Atlas